[Event "97th Argentine Championship 2022"]
[Site "Barichole"]
[Date "2022.12.02"]
[Round "2.4"]
[White "Perez Ponsa, Federico"]
[Black "Valerga, Diego"]
[Result "1/2-1/2"]
[ECO "B45"]
[WhiteElo "2538"]
[BlackElo "2438"]
[Annotator "TA"]
[PlyCount "62"]
[EventDate "2022.12.01"]
[EventCountry "ARG"]
[SourceTitle "playchess.com"]
[Source "ChessBase"]
[SourceQuality "1"]
[TimeControl "40/5400+30:1800+30"]

1. e4 c5 2. Nf3 e6 3. d4 cxd4 4. Nxd4 Nf6 5. Nc3 Nc6 6. Nxc6 bxc6 7. e5 Nd5 8. Ne4 Bb7 9. Be2 {[%emt 0:07:54] B45: Sicilian Four Knights.} c5 10. O-O Qc7 11. Nd6+ {[%emt 0:04:07] White is slightly better.} Bxd6 12. exd6 Qc6 (12... Qxd6 $2 13. c4 $18) 13. f3 c4 (13... Qxd6 $2 14. c4 $18) 14. Qd4 {[%emt 0:01:02][%csl LRc4,LRg7] Inhibits Qc5.} O-O 15. Bxc4 Qxd6 $1 {[%emt 0:00:57] The main line 15...Qxd6 scores better than 15...Rfc8.} 16. b3 Rfc8 17. Bb2 {[%emt 0:03:43][%csl Gb2][%cal Rd4g7] [#]} Qb6 18. Rf2 Qxd4 19. Bxd4 Nb4 20. a3 {[%emt 0:04:28] [#]} Nc6 $146 ({Predecessor:} 20... d5 21. axb4 dxc4 22. Bxa7 cxb3 23. cxb3 Rc3 24. Rb2 f6 25. b5 Kf7 26. b4 e5 27. Rbb1 f5 28. Bc5 Rxa1 29. Rxa1 {1-0 (29) Morcin,T (1999)-Hynes,T (1710) LSS email 2011}) 21. Bb2 d5 22. Bf1 a5 23. g4 h6 24. Re1 Ba6 25. Bg2 Rc7 26. f4 Rac8 27. Rd1 Nd8 28. Rdd2 Nb7 29. f5 {[%emt 0:09:08] Inhibits a4.} Nc5 30. Be5 {[%emt 0:01:37] [#] Strongly threatening fxe6. A strong pair of Bishops.} Rb7 31. fxe6 fxe6 {[%emt 0:14:55] Weighted Error Value: White=0.05 (flawless) /Black=0.04 (flawless)} 1/2-1/2

[Event "97th Argentine Championship 2022"]
[Site "Barichole"]
[Date "2022.12.02"]
[Round "2.5"]
[White "Sorin, Ariel"]
[Black "Gaitan, Juan Manuel"]
[Result "1/2-1/2"]
[ECO "D48"]
[WhiteElo "2363"]
[BlackElo "2347"]
[Annotator "TA"]
[PlyCount "87"]
[EventDate "2022.12.01"]
[EventCountry "ARG"]
[SourceTitle "playchess.com"]
[Source "ChessBase"]
[SourceQuality "1"]
[TimeControl "40/5400+30:1800+30"]

1. d4 Nf6 2. c4 e6 3. Nf3 d5 4. Nc3 dxc4 5. e3 a6 6. Bxc4 b5 7. Bd3 Bb7 8. Qe2 Nbd7 9. O-O c5 10. Rd1 Qb8 11. a3 Bd6 12. h3 O-O 13. e4 cxd4 14. Nxd4 Ne5 15. Bc2 {[%emt 0:02:16] D48: Semi-Slav: Meran System: 7...b5 8 Bd3 a6.} Rd8 16. Bg5 Ng6 {[%emt 0:07:19] [#]} 17. Nf3 $146 {[%emt 0:05:49] Black is slightly better.} ({Predecessor:} 17. Nb3 Bh2+ 18. Kh1 Be5 19. Na5 Qc7 20. Nxb7 Qxb7 21. Qe3 Qc7 22. g3 h6 23. Bxf6 Bxf6 {0-1 (71) Gromovs,S (2297)-Mirzoev,A (2468) Amantea 2011}) 17... h6 18. Be3 Nd7 19. g3 Nge5 20. Nd2 {[%emt 0:00:52] Prevents Nc4.} Bc5 21. f4 {[%emt 0:03:11] [#] Strongly threatening Bxc5.} Qa7 22. Kf2 Nc6 23. Nb3 {[%emt 0:03:03] Inhibits Nd4.} Bb6 24. Rd6 Nc5 (24... Bxe3+ {simplifies} 25. Qxe3 Nb6 26. Rxd8+ Rxd8 27. Rd1 Rxd1 28. Bxd1 Ba8) 25. Rad1 Rxd6 26. Rxd6 Rd8 27. Rxd8+ Nxd8 28. Nxc5 Bxc5 29. Bxc5 Qxc5+ 30. Qe3 Qc7 31. e5 Nc6 32. Qc5 Qd8 33. Ne4 Nd4 34. Bd3 Nb3 35. Qe3 Qd5 36. h4 Nd4 37. Qc1 Nb3 {[%emt 0:01:17] Prevents Qc5.} (37... Nf5 $5 38. Qc3 h5 $11) 38. Qc3 a5 39. Bc2 $1 Nd4 {[%emt 0:00:09] [#] White must now prevent ...Nxc2.} 40. Bd3 (40. Bb1 $1 $14) 40... Nb3 {[%emt 0:00:00] The position is equal.} 41. Ke3 a4 42. Bc2 {[%emt 0:06:28] aiming for Qd3.} Na1 43. Bd3 {[%emt 0:00:25] Threatens to win with Qc7.} Nb3 44. Bc2 {[%emt 0:24:53] Weighted Error Value: White=0.06 (flawless) /Black=0.08 (flawless)} 1/2-1/2

[Event "97th Argentine Championship 2022"]
[Site "Barichole"]
[Date "2022.12.02"]
[Round "2.6"]
[White "Paveto, Kevin"]
[Black "Fiorito, Joaquin"]
[Result "1/2-1/2"]
[ECO "C50"]
[WhiteElo "2431"]
[BlackElo "2344"]
[Annotator "TA"]
[PlyCount "73"]
[EventDate "2022.12.01"]
[EventCountry "ARG"]
[SourceTitle "playchess.com"]
[Source "ChessBase"]
[SourceQuality "1"]
[TimeControl "40/5400+30:1800+30"]

1. e4 e5 2. Nf3 Nc6 3. Bc4 Bc5 4. d3 Nf6 5. Nc3 d6 6. a4 {[%emt 0:01:18] C50: Hungarian Defence and Giuoco Pianissimo.} a5 7. h3 O-O {[%emt 0:10:22] [#]} 8. Be3 $146 ({Predecessor:} 8. Bg5 h6 9. Bh4 g5 10. Bg3 Kg7 11. h4 g4 12. Nd2 Nh5 13. Nb3 Ba7 14. Nd5 {0-1 (45) Reprintsev,A (2353)-Aradhya,G (2198) Chess.com INT 2021}) 8... Nd4 9. O-O (9. Bxd4 {simplifies} Bxd4 10. Nxd4 exd4 11. Ne2) 9... Be6 10. Bxe6 Nxe6 11. Bxc5 Nxc5 12. Re1 Re8 13. d4 Ncd7 14. Qd2 exd4 15. Qxd4 Ne5 16. Nd2 Nc6 17. Qc4 Ne5 18. Qf1 c6 19. f4 Ng6 20. Qf2 {[%emt 0:00:27] Against Qb6} Qc7 21. g3 Rab8 22. Nb3 h6 23. Re2 Qd7 24. Qg2 (24. Kg2 $5 ) 24... Qc7 25. Qf2 Qd7 26. f5 (26. Kg2 $14) 26... Ne5 $15 27. Nxa5 Qc7 (27... Ra8 $15 28. Nb3 b5) 28. Nb3 Nc4 29. Rae1 (29. Rb1 $5) 29... Nxb2 30. Qd4 c5 31. Nb5 cxd4 32. Nxc7 Re5 33. Nxd4 Nxa4 {[%emt 0:00:10] Black wants to play ...Nc3. The position is equal.} 34. Ncb5 {[%emt 0:01:50] Inhibits Nc3.} d5 35. exd5 Rxd5 36. Re5 Rdd8 37. Nf3 {[%emt 0:02:50] Weighted Error Value: White=0.12 (very precise) /Black=0.09 (flawless)} 1/2-1/2

[Event "97th Argentine Championship 2022"]
[Site "Barichole"]
[Date "2022.12.03"]
[Round "3.1"]
[White "Peralta, Fernando"]
[Black "Paveto, Kevin"]
[Result "1-0"]
[ECO "D88"]
[WhiteElo "2587"]
[BlackElo "2431"]
[Annotator "TA"]
[PlyCount "53"]
[EventDate "2022.12.01"]
[EventType "tourn"]
[EventCountry "ARG"]
[SourceTitle "playchess.com"]
[Source "ChessBase"]
[SourceQuality "1"]
[TimeControl "40/5400+30:1800+30"]

1. d4 Nf6 2. c4 g6 3. Nc3 d5 4. cxd5 Nxd5 5. e4 Nxc3 6. bxc3 Bg7 7. Bc4 c5 8. Ne2 O-O 9. O-O Nc6 10. Be3 b6 11. Rc1 Bb7 12. Qd2 cxd4 13. cxd4 Na5 14. Bd3 Qd7 15. h4 $5 {[%emt 0:25:58][%cal Bh2h4,Bh4h5][%mdl 4] A promising side line. D88: Exchange Grünfeld: Classical Line: 10 Be3 cxd4 11 cxd4.} (15. Qb4 {simplifies} Rac8 16. d5 Rxc1 17. Rxc1 Rc8 18. Rxc8+ Bxc8 19. Nd4) 15... Rfc8 16. h5 e6 17. Bh6 {[%emt 0:06:49] White is slightly better.} Bh8 18. e5 Nc6 19. Bb1 {[%emt 0:11:43] [#]} Ba6 $146 ({Predecessor:} 19... Ne7 20. Ng3 Rxc1 21. Rxc1 Rc8 22. Rxc8+ Bxc8 23. Qg5 Bb7 24. Bd3 a6 25. a4 Qd8 {½-½ (38) Panman,H (2320)-Kruijer,R (2342) ICCF email 2013}) 20. Rfd1 Ne7 21. Nc3 $40 {[%emt 0:07:00][%cal Be2c3,Bc3e4,Be4d6][%mdl 160] White has some attack.} Nd5 ({Black should play} 21... Rc7 $14) 22. Ne4 $1 $18 Rxc1 23. Rxc1 Rc8 24. Nd6 Rxc1+ 25. Qxc1 {[%emt 0:00:06] The board is on fire.} Qa4 $2 {[%emt 0:00:00] [#]} (25... Bb7 $16 26. Be4 Bc6) 26. Bd3 $1 {[%emt 0:06:08][%mdl 512] Threatens to win with Bxa6.} Bg7 {[%emt 0:00:00] [#] ...Bxh6 is the strong threat.} 27. Bxa6 $1 {[%emt 0:07:03] Weighted Error Value: White=0.03 (flawless) /Black=0.51} 1-0

[Event "97th Argentine Championship 2022"]
[Site "Barichole"]
[Date "2022.12.03"]
[Round "3.2"]
[White "Fiorito, Joaquin"]
[Black "Flores, Diego"]
[Result "1-0"]
[ECO "E20"]
[WhiteElo "2344"]
[BlackElo "2547"]
[Annotator "TA"]
[PlyCount "75"]
[EventDate "2022.12.01"]
[EventType "tourn"]
[EventCountry "ARG"]
[SourceTitle "playchess.com"]
[Source "ChessBase"]
[SourceQuality "1"]
[TimeControl "40/5400+30:1800+30"]

1. d4 Nf6 2. c4 e6 3. Nc3 Bb4 4. f3 c5 5. a3 cxd4 6. axb4 {[%emt 0:08:33] E20: Nimzo-Indian: 4 g3 and 4 f3.} dxc3 7. bxc3 d5 {[%emt 0:00:49] [#]} 8. Be3 $146 {[%emt 0:09:22] The position is equal.} ({Predecessor:} 8. c5 e5 9. Bg5 O-O 10. e4 dxe4 11. Qxd8 Rxd8 12. fxe4 Be6 13. Bb5 Nc6 14. Ne2 {½-½ (38) Petkov,V (2522)-Stojanovski,D (2435) Vrnjacka Banja 2012}) 8... O-O 9. Rxa7 Rxa7 10. Bxa7 Nc6 11. Bc5 Re8 12. cxd5 exd5 (12... Nxd5 $5 13. e4 Nxc3 $11) 13. e3 ({White should try} 13. Kf2 $11) 13... d4 $1 $15 14. Bxd4 Nd5 (14... Nxd4 $15 15. Qxd4 Qxd4 16. cxd4 Rxe3+ 17. Kd2 Rb3) 15. Ne2 $11 {[%emt 0:01:52] Strongly threatening e4.} Qh4+ (15... Nxe3 16. Bxe3 Qxd1+ 17. Kxd1 $16) (15... Nxd4 $11 16. Qxd4 Nxe3 17. Qxd8 Rxd8) 16. g3 $16 Qh5 {[%emt 0:00:44] [#]} 17. Kf2 Nxd4 18. Qxd4 {[%emt 0:01:04] And now e4 would win.} Nxe3 19. Nf4 Qh6 20. Bd3 ({White should play} 20. Bb5 $16 Nf5 21. Qc5) 20... g5 $1 $14 21. Ng2 $36 {[%emt 0:00:00][%mdl 2048] White is more active.} Nxg2 22. Kxg2 Bh3+ (22... g4 $1 $14 23. Ra1 (23. fxg4 $2 Qc6+ 24. Kh3 Qxh1 $19) 23... gxf3+ 24. Kg1 Qc6) 23. Kf2 $16 g4 {[%emt 0:01:14] ( -> ...Qd2+)} 24. Be4 {[%emt 0:00:00] aiming for Re1. Active counter play!} (24. fxg4 $2 Qd2+) 24... gxf3 25. Bxf3 (25. Bxb7 $2 {perishes.} Qe6 26. g4 Qe2+ 27. Kg3 Qg2+ 28. Kh4 Qxh1 $19) 25... Qa6 {[%emt 0:01:08] Black cannot hold the game after this.} (25... b5 $16 26. Re1 Rxe1 27. Kxe1 Qc1+ 28. Bd1 Be6) 26. Rd1 (26. g4 $142) 26... Qa2+ $18 27. Kg1 h6 28. Qd2 {[%emt 0:00:00] Inhibits b5.} ({Stronger than} 28. Bxb7 Re2 $11) 28... Qa7+ {[%emt 0:01:20] [#]} 29. Qf2 $1 Qa6 30. g4 Qf6 {[%emt 0:00:18] Against Qh4} (30... Qe6 $142) 31. Qg3 (31. Bxb7 Qxc3 32. Bf3 (32. Bd5 Qg7 $16) 32... Re6 33. Rd8+ Kh7 $14) 31... Re3 (31... Qxc3 $142 32. Qxh3 Re1+ 33. Rxe1 Qxe1+ 34. Qf1 Qxb4) 32. Kf2 Rxc3 {[%emt 0:03:37] Threatens to win with ...Qb6+.} 33. Qxh3 Qf4 34. Qg3 ({Weaker is} 34. Kg2 Rc2+ 35. Kg1 Qe3+ 36. Kh1 Rf2 $18) 34... Qxb4 (34... Rc2+ $18 35. Kf1 Qxg3 36. hxg3 Rb2) 35. Rd8+ {[%emt 0:00:00] White mates.} Kh7 {[%emt 0:00:25] [#]} 36. Be4+ $1 Kg7 (36... Qxe4 37. Qxc3) 37. Qe5+ f6 38. Rd7+ {[%emt 0:00:00] Weighted Error Value: White=0.17 (very precise) /Black=0.48} 1-0

[Event "97th Argentine Championship 2022"]
[Site "Barichole"]
[Date "2022.12.03"]
[Round "3.3"]
[White "Pichot, Alan"]
[Black "Mareco, Sandro"]
[Result "1/2-1/2"]
[ECO "B12"]
[WhiteElo "2637"]
[BlackElo "2619"]
[Annotator "TA"]
[PlyCount "60"]
[EventDate "2022.12.01"]
[EventType "tourn"]
[EventCountry "ARG"]
[SourceTitle "playchess.com"]
[Source "ChessBase"]
[SourceQuality "1"]
[TimeControl "40/5400+30:1800+30"]

1. e4 c6 2. d4 d5 3. e5 c5 4. dxc5 e6 5. a3 Bxc5 6. Nf3 {[%emt 0:00:09] B12: Caro-Kann: Advance Variation.} f6 7. b4 Be7 8. Bb2 {[%emt 0:05:31] White has an edge.} a5 9. b5 Nd7 10. Bd3 Nh6 11. c4 {[%emt 0:08:18] [#]} (11. Qe2 $5 ) 11... Nxe5 $146 ({Predecessor:} 11... Nc5 12. O-O Nf7 13. Qc2 Nxd3 14. Qxd3 dxc4 15. Qxc4 O-O 16. exf6 gxf6 17. Nc3 Nd6 {½-½ (34) Besou,H (2061)-Herrmann,A (1686) Bayreuth 2022}) 12. Nxe5 fxe5 13. Bxe5 dxc4 14. Bxc4 ({Not} 14. Qh5+ $2 Nf7 15. Bxg7 (15. Bxc4 $2 g6 $19) 15... Qxd3 $1 $19) 14... Qxd1+ 15. Kxd1 Ng4 16. Bg3 ({Reject} 16. Bxg7 Nxf2+ 17. Ke2 Rg8 18. Kxf2 Bc5+ 19. Kf3 Rxg7 $17) 16... Rf8 17. Ra2 Bd7 18. h3 Rc8 19. Bb3 $2 {[%emt 0:13:07] [#]} (19. Bd3 $1 $11 {and White is okay.} Nf6 20. a4) 19... Nf6 $2 (19... Bg5 $1 $19 {( -> ...Rc1+)} 20. f4 Ne3+ 21. Kd2 Nf5) 20. Re1 $11 Bxb5 21. Bxe6 Rd8+ (21... Ba4+ {seems wilder.} 22. Kd2 Rd8+ 23. Kc1 Nh5) 22. Kc1 $1 Bd7 23. Bb3 {[%emt 0:05:24] Rae2 is the strong threat.} (23. Rd2 {simplifies} Bxe6 24. Rxe6 Kf7 25. Rb6) 23... Rc8+ 24. Kd1 a4 25. Bd6 $1 $36 {[%emt 0:07:23][%mdl 2048] White has the initiative.} axb3 26. Rxe7+ Kd8 27. Rd2 {[%emt 0:00:34][%cal Oe7d7] And now Rxd7+! would win.} Re8 28. Rxg7 b2 {[%emt 0:00:00][%csl Gb2][%cal Rc8c1] Black is slightly better.} 29. Rxd7+ $1 Kxd7 30. Bb4+ Ke6 {[%emt 0:00:00] Weighted Error Value: White=0.16 (very precise) /Black=0.15 (very precise)} 1/2-1/2

[Event "97th Argentine Championship 2022"]
[Site "Barichole"]
[Date "2022.12.03"]
[Round "3.4"]
[White "Valerga, Diego"]
[Black "Acosta, Pablo Ismael"]
[Result "0-1"]
[ECO "A07"]
[WhiteElo "2438"]
[BlackElo "2461"]
[Annotator "TA"]
[PlyCount "68"]
[EventDate "2022.12.01"]
[EventType "tourn"]
[EventCountry "ARG"]
[SourceTitle "playchess.com"]
[Source "ChessBase"]
[SourceQuality "1"]
[TimeControl "40/5400+30:1800+30"]

1. g3 d5 2. Bg2 Nf6 3. Nf3 c6 4. d3 Bg4 5. Nbd2 Nbd7 6. h3 Bh5 7. g4 Bg6 8. Nh4 {[%emt 0:00:00] A07: Réti Opening: New York and Capablanca Systems.} e5 9. e3 Bd6 10. Qe2 {[%emt 0:00:00] The position is equal.} O-O 11. O-O {[%emt 0:00:00] [#]} Re8 $146 ({Predecessor:} 11... a5 12. c4 Nc5 13. Nxg6 hxg6 14. g5 Nh5 15. cxd5 Qxg5 16. dxc6 bxc6 17. Qg4 Qe7 {1-0 (68) Grischuk,A (2777)-Kobalia,M (2614) Chess.com INT 2020}) 12. Nxg6 hxg6 13. c4 Nc5 14. cxd5 cxd5 15. Nb3 Ne6 16. h4 Bc7 17. g5 {[%emt 0:00:00] Prevents e4.} Nh5 18. Rd1 Qd6 (18... a5 {feels hotter.} 19. Qf3 d4 20. Qxb7 Rb8) 19. Qg4 {[%emt 0:00:00] Inhibits Qb4.} a5 20. Nd2 Rad8 21. Nf1 Qa6 22. Bd2 Nc5 23. d4 (23. Rac1 $11 {keeps the balance.} Bb6 24. d4 exd4 25. exd4 (25. Qxd4 $2 Nd3 $19)) 23... exd4 24. Qxd4 {[%emt 0:00:31] [#]} Ne4 {[%emt 0:01:03] Black is more active.} (24... Bb6 $1 $17 {Hoping for ...Ne4.} 25. Qc3 (25. Bxd5 $2 Re4 $19) 25... Ne4) 25. Be1 $11 Qe6 26. Qa4 Bb6 (26... Qg4 $2 27. f3 (27. Bxa5 $2 Bxa5 28. Qxa5 Qxh4 $17) 27... Qc8 28. fxe4 $18) 27. Qb5 d4 {[%emt 0:04:48][%cal Oe4f2] aiming for ...Nxf2!} 28. Bxe4 {[%emt 0:00:58] Threatens to win with Bg2.} (28. Bxa5 $2 Bxa5 29. Qxa5 {[#]} Nxf2 $1 $19 ) 28... dxe3 29. Rxd8 $2 (29. Bxb7 Qg4+ 30. Bg2 exf2+ 31. Bxf2 Nf4) (29. fxe3 $2 Qg4+ 30. Bg2 Nf4 $19) (29. Bf3 $11 {and White stays safe.}) 29... Rxd8 $2 (29... Qg4+ 30. Bg2 exf2+ 31. Bxf2 Bxf2+ 32. Kxf2) ({Black should try} 29... exf2+ $19 30. Bxf2 Qg4+ 31. Bg2 Bxf2+ 32. Kxf2 Rxd8) 30. Bf3 (30. Bxb7 Qg4+ 31. Bg2 exf2+ 32. Bxf2 Bxf2+ 33. Kxf2 Qd4+ 34. Ke1 Nf4 $19) 30... Nf4 31. fxe3 (31. Bxa5 $2 exf2+ 32. Kh1 Rd3 $19) 31... Bxe3+ 32. Kh1 Nd3 {[%emt 0:01:21] ( -> ...Qh3+)} ({Don't play} 32... Qh3+ 33. Nh2 $16) (32... Bb6 $5 33. Nh2 (33. Bxa5 $2 {too greedy.} Rd3 $19) 33... Rd3 $11) 33. Qxb7 $2 (33. Bg2 $11) 33... Qh3+ 34. Nh2 Bf4 {[%emt 0:00:05] Weighted Error Value: White=0.37/Black=0.31} 0-1

[Event "97th Argentine Championship 2022"]
[Site "Barichole"]
[Date "2022.12.03"]
[Round "3.5"]
[White "Krysa, Leandro"]
[Black "Sorin, Ariel"]
[Result "1-0"]
[ECO "E61"]
[WhiteElo "2524"]
[BlackElo "2363"]
[Annotator "TA"]
[PlyCount "61"]
[EventDate "2022.12.01"]
[EventType "tourn"]
[EventCountry "ARG"]
[SourceTitle "playchess.com"]
[Source "ChessBase"]
[SourceQuality "1"]
[TimeControl "40/5400+30:1800+30"]

1. d4 Nf6 2. Nf3 g6 3. c4 Bg7 4. Nc3 d6 5. Bg5 h6 6. Bh4 g5 7. Bg3 Nh5 8. e3 Nd7 9. Bd3 {[%emt 0:01:22] E61: King's Indian: Early deviations for White, including Smyslov System.} c5 10. O-O {[%emt 0:11:18] [#]} a6 $146 ({Predecessor:} 10... Nxg3 11. hxg3 O-O 12. Qc2 e6 13. Rad1 Qe7 14. Rd2 Nf6 15. dxc5 dxc5 16. Rfd1 b6 {1-0 (36) Neverov,V (2455)-Fule,S (2280) Budapest 2022}) 11. Bc2 {[%emt 0:18:46] White is slightly better.} Qa5 12. a3 Rb8 (12... Nxg3 $11 13. fxg3 (13. hxg3 Nf6 $14) 13... Nf6) 13. b4 $16 {[%emt 0:05:49] Black is now going downhill.} Qd8 14. Rb1 b6 15. Qd3 $36 {[%emt 0:04:09][%mdl 2048] Keeping Black busy.} Bb7 16. Nd2 Bc6 17. a4 ({White should play} 17. Nde4 $16) 17... cxb4 (17... Nxg3 $14 18. fxg3 cxb4 19. Rxb4 e6) 18. Rxb4 Qc7 19. Nd5 Qd8 20. Ne4 {[%emt 0:02:39][%cal Og3d6] Against b5. White is more active.} Nxg3 21. fxg3 b5 (21... Kf8 $16 22. Rbb1 a5) 22. axb5 axb5 (22... Bxd5 $142 23. cxd5 Qa5) 23. Nec3 e6 $2 (23... Bxd5 {is a better defense.} 24. Nxd5 Nf6) 24. Qg6 $18 {[%emt 0:00:33][%csl Gf1][%cal Rg6f7] [#]} Rf8 (24... Bf6 25. Nxf6+ Nxf6) 25. Qxg7 {[%emt 0:00:49] White is clearly winning.} exd5 26. cxd5 Ba8 27. Nxb5 Bxd5 28. Nxd6+ Ke7 29. Nf5+ Ke8 30. Rxb8 Qxb8 31. Ba4 {[%emt 0:01:01] Weighted Error Value: White=0.20 (precise) /Black=0.46} 1-0

[Event "97th Argentine Championship 2022"]
[Site "Barichole"]
[Date "2022.12.03"]
[Round "3.6"]
[White "Gaitan, Juan Manuel"]
[Black "Perez Ponsa, Federico"]
[Result "1/2-1/2"]
[ECO "E11"]
[WhiteElo "2347"]
[BlackElo "2538"]
[Annotator "TA"]
[PlyCount "41"]
[EventDate "2022.12.01"]
[EventType "tourn"]
[EventCountry "ARG"]
[SourceTitle "playchess.com"]
[Source "ChessBase"]
[SourceQuality "1"]
[TimeControl "40/5400+30:1800+30"]

1. d4 Nf6 2. c4 e6 3. Nf3 d5 4. g3 Bb4+ 5. Bd2 a5 6. Qc2 O-O 7. Bg2 c5 {[%emt 0:01:55] E11: Bogo-Indian.} 8. cxd5 $1 {[%emt 0:00:00] The main line 8.cxd5 scores better than 8.dxc5.} cxd4 9. Nxd4 Qb6 10. Bxb4 (10. e3 $5 ) 10... axb4 11. e3 exd5 12. O-O Nc6 13. Nxc6 bxc6 14. Nd2 {[%emt 0:00:00] [#] Inhibits b3.} Re8 $146 ({Predecessor:} 14... Bd7 15. Nb3 Rfb8 16. Rfc1 h5 17. Nc5 Be8 18. a4 bxa3 19. bxa3 Ra5 20. Bh3 Qa7 {0-1 (39) Hossain,E (2426)-Narayanan,S (2618) Dhaka 2021}) 15. Rfc1 Bd7 16. Nb3 Ne4 {[%emt 0:03:37] [#]} (16... g6 $11 {remains equal.}) 17. Qd3 ({White should play} 17. Bxe4 $1 $16 dxe4 18. a4) 17... Bf5 (17... f5 $11) 18. Nd4 $14 Bd7 19. Nb3 {[%emt 0:00:00] Prevents Nc5.} Bf5 20. Nd4 Bd7 21. Nb3 {[%emt 0:00:00] Weighted Error Value: White=0.20 (precise) /Black=0.19 (very precise)} (21. Bxe4 $14 dxe4 22. Qc4) 1/2-1/2

[Event "97th Argentine Championship 2022"]
[Site "Barichole"]
[Date "2022.12.04"]
[Round "4.1"]
[White "Acosta, Pablo Ismael"]
[Black "Mareco, Sandro"]
[Result "1/2-1/2"]
[ECO "E48"]
[WhiteElo "2461"]
[BlackElo "2619"]
[Annotator "TA"]
[PlyCount "77"]
[EventDate "2022.12.01"]
[EventType "tourn"]
[EventCountry "ARG"]
[SourceTitle "playchess.com"]
[Source "ChessBase"]
[SourceQuality "1"]
[TimeControl "40/5400+30:1800+30"]

1. d4 Nf6 2. c4 e6 3. Nc3 Bb4 4. e3 O-O 5. Bd3 d5 6. Nge2 b6 7. a3 {[%emt 0:03:12] E48: Nimzo-Indian: Rubinstein: 5 Bd3 d5 including 6 Ne2, but excluding 6 a3.} Be7 8. cxd5 exd5 9. O-O {[%emt 0:01:02] The position is equal.} Bb7 10. b4 Nbd7 11. Ng3 Re8 12. Bb2 a6 13. Rc1 $1 Bf8 14. Bb1 ({Better is} 14. Re1 $11) 14... b5 $15 {[%emt 0:03:04] [#]} 15. Re1 $146 ({Predecessor:} 15. Qc2 Nb6 16. Nce2 Nc4 17. Nf4 g6 18. Nd3 Bd6 19. Rfe1 Ng4 20. Nf4 Qh4 21. Nh3 {0-1 (63) Wang,D (2217)-Wang,J (2384) Xinghua 2014}) 15... Nb6 16. Qb3 Nc4 17. Rcd1 h5 18. Nf1 a5 19. Bc1 axb4 20. axb4 Qd6 21. Na2 g6 22. f3 Qa6 23. Nc3 Qd6 24. Na2 Bh6 25. Nc3 Qb6 26. Bd3 Re6 27. Qb1 Rae8 28. Bxc4 bxc4 ({But not} 28... dxc4 29. e4 Bg7 30. Be3 Nxe4 31. fxe4 Bxe4 32. Qc1 $14) 29. b5 c6 30. Re2 cxb5 {[%emt 0:00:29] aiming for ...b4.} (30... Ra8 {looks sharper.} 31. Rb2 c5 32. dxc5 Qxc5 33. Ra2 Ree8) 31. Rb2 {[%emt 0:00:05] Inhibits b4.} Bc6 32. Nxb5 Qd8 {[%emt 0:00:28] Prevents Nd6.} 33. Nc3 Bf8 {[%emt 0:01:06] Prevents e4.} 34. Ra2 R6e7 35. Bd2 Bd7 (35... Rb7 $15 36. Qc2 Rb3) 36. e4 $11 dxe4 37. Bg5 Re6 (37... Bg7 $5 38. fxe4 Bg4 $11) 38. fxe4 Qb6 {[%emt 0:00:28] [#] Prevents e5. Threatens to win with ...Qxb1.} 39. Qxb6 {[%emt 0:01:06] Weighted Error Value: White=0.08 (flawless) /Black=0.16 (very precise)} (39. e5 $5 Qxb1 40. Rxb1 $16) 1/2-1/2

[Event "97th Argentine Championship 2022"]
[Site "Barichole"]
[Date "2022.12.04"]
[Round "4.2"]
[White "Perez Ponsa, Federico"]
[Black "Krysa, Leandro"]
[Result "1/2-1/2"]
[ECO "C88"]
[WhiteElo "2538"]
[BlackElo "2524"]
[Annotator "TA"]
[PlyCount "70"]
[EventDate "2022.12.01"]
[EventType "tourn"]
[EventCountry "ARG"]
[SourceTitle "playchess.com"]
[Source "ChessBase"]
[SourceQuality "1"]
[TimeControl "40/5400+30:1800+30"]

1. e4 e5 2. Nf3 Nc6 3. Bb5 a6 4. Ba4 Nf6 5. O-O Be7 6. Re1 b5 7. Bb3 O-O 8. a4 Bb7 9. d3 Re8 10. h3 h6 11. Nc3 {[%emt 0:05:32] C88: Closed Ruy Lopez: Anti-Marshall Systems.} b4 12. Nd5 Na5 13. Nxf6+ {[%emt 0:02:00] White has an edge.} ({Reject} 13. Nxe5 Nxb3 14. cxb3 Nxd5 15. exd5 Bxd5 $15) 13... Bxf6 14. Ba2 d5 15. Bd2 c5 16. Nh2 dxe4 17. dxe4 {[%emt 0:00:42] [#]} Be7 $146 ({Predecessor:} 17... Bg5 18. Bxg5 Qxg5 19. Bd5 Rad8 20. Qf3 Bxd5 21. exd5 e4 22. Rxe4 Rxe4 23. Qxe4 Qxd5 24. Qxd5 Rxd5 {½-½ (30) Tapie Amione,P (2241)-Perez Rodriguez,L (2324) Mexico City 2022}) 18. Ng4 (18. Qh5 {looks sharper.} c4 19. Rad1 Qb6 20. Ng4) 18... c4 $1 19. Qe2 Qd6 20. Rad1 Qe6 21. c3 b3 22. Bb1 Bc5 23. Bc1 Rad8 {[%emt 0:02:27] Against Rd5} 24. Rxd8 Rxd8 25. Kh2 Nc6 26. Ne3 Bxe3 27. Bxe3 Nb8 28. a5 Nc6 29. Bb6 Rd7 30. Rd1 Nb8 31. f3 Rxd1 32. Qxd1 {[%emt 0:00:00] [#] Hoping for Qd8+.} Nd7 33. Bc7 Qc6 34. Bd6 f6 (34... Qc8 $142) 35. f4 (35. Qd5+ $1 $11 Kh8 36. Kg3) 35... exf4 {[%emt 0:00:42] Weighted Error Value: White=0.09 (flawless) /Black=0.06 (flawless)} 1/2-1/2